 Dungeon Crawl Stone Soup version 0.30.0-29-ga12c61a403 (webtiles) character file.

Game seed: 4802073820083433682

70303 cheesebisquit the Grappler (level 14, -25/136 HPs)
             Began as a Troll Transmuter on June 12, 2023.
             Was a High Priest of Wu Jian.
             Annihilated by an orc warrior
             ... wielding a +0 broad axe
              (26 damage)
             ... on level 2 of the Orcish Mines.
             The game lasted 02:11:23 (24789 turns).

cheesebisquit the Grappler (Troll Transmuter)      Turns: 24789, Time: 02:11:24

Health: -25/136    AC:  9    Str: 21    XL:     14   Next: 93%
Magic:  19/19      EV: 10    Int: 19    God:    Wu Jian [*****.]
Gold:   1532       SH:  9    Dex: 10    Spells: 2/21 levels left

rFire   . .          .
                       - Unarmed
rCold   . . .        R - +0 kite shield
rNeg    . . .        N - +0 troll leather armour
rPois   +            (helmet currently unavailable)
rElec   .            L - +1 cloak
rCorr   .            (gloves unavailable)
SInv    .            (boots unavailable)
Will    +....        o - amulet of the acrobat
Stlth   ++           O - +6 ring of intelligence
HPRegen 2.02/turn    c - ring of poison resistance
MPRegen 0.16/turn

%: acrobat
@: appendages (expiring), wereblooded, studying Long Blades
A: horns 2, talons 2, large, unfitting armour, claws 3, regeneration 1, shaggy
fur 1, tough skin 1
a: End Transformation, Renounce Religion, Wall Jump, Serpent's Lash, Heavenly
Storm


You were on level 2 of the Orcish Mines.
You worshipped Wu Jian.
Wu Jian was extremely pleased with you.
You had temporarily grown beastly horns and talons.
You visited 4 branches of the dungeon, and saw 20 of its levels.
You also visited: Ossuary and Bailey.

You collected 2246 gold pieces.
You spent 714 gold pieces at shops.

Inventory:

Hand Weapons
 v - a +2 dagger of venom
 M - a +5 vampiric giant spiked club
Missiles
 i - 28 large rocks (quivered)
 k - 5 curare-tipped darts
 n - 5 javelins
 s - 17 boomerangs
 E - a throwing net
 I - 51 poisoned darts
 U - 5 atropa-tipped darts
Armour
 L - a +1 cloak (worn)
 N - a +0 troll leather armour (worn)
 R - a +0 kite shield (worn)
Jewellery
 c - a ring of poison resistance (right claw)
 e - a ring of willpower
 o - an amulet of the acrobat (around neck)
 r - a ring of protection from fire
 z - a ring of fire
 C - a +5 ring of evasion
 O - a +6 ring of intelligence (left claw)
 P - a ring of see invisible
 S - a ring of flight
Wands
 a - a wand of quicksilver (25)
 m - a wand of digging (9)
 u - a wand of flame (31)
 B - a wand of paralysis (16)
 D - a wand of iceblast (14)
 J - a wand of mindburst (16)
Scrolls
 d - 10 scrolls of teleportation
 g - 2 scrolls of torment
 j - a scroll of immolation
 l - a scroll of brand weapon
 q - 3 scrolls of amnesia
 w - 4 scrolls of magic mapping
 y - 5 scrolls of fog
 A - 3 scrolls of poison
 K - a scroll of silence
 Q - 2 scrolls of vulnerability {unknown}
Potions
 b - 7 potions of lignification
 f - 2 potions of flight
 h - a potion of cancellation
 p - a potion of ambrosia
 t - 2 potions of mutation
 x - 4 potions of resistance
 F - 4 potions of magic
 G - 3 potions of curing
 H - 3 potions of attraction
 T - a potion of brilliance {unknown}


   Skills:
 - Level 8.2 Fighting
 - Level 6.0 Throwing
 - Level 4.6 Armour
 - Level 7.0 Dodging
 - Level 4.0 Stealth
 + Level 5.7 Shields
 - Level 11.4 Unarmed Combat
 - Level 4.0 Spellcasting
 - Level 8.6 Transmutations
 - Level 6.1 Ice Magic
 + Level 6.0 Earth Magic
 - Level 4.0 Poison Magic
 - Level 2.0 Evocations


You had 2 spell levels left.
You knew the following spells:

 Your Spells              Type           Power      Damage    Failure   Level
a - Beastly Appendage     Tmut           72%        N/A       1%          1
b - Wereblood             Tmut           36%        N/A       1%          2
c - Spider Form           Tmut/Pois      27%        N/A       8%          3
d - Ice Form              Ice/Tmut       32%        N/A       16%         4
e - Sting                 Tmut/Pois      100%       1d8       2%          1
f - Passwall              Tmut/Erth      25%        N/A       2%          2
g - Statue Form           Tmut/Erth      20%        N/A       95%         6

Your spell library contained the following spells:

 Spells                   Type           Power      Damage    Failure   Level
 Sandblast                Erth           52%        2d12      3%          1
 Poisonous Vapours        Pois/Air       22%        N/A       22%         2
 Cigotuvi's Dreadful Rot  Necr/Pois/Air  16%        N/A       30%         2
 Static Discharge         Conj/Air       6%         2-3/arc   45%         2
 Petrify                  Tmut/Erth      31%        N/A       17%         4
 Ignite Poison            Fire/Tmut/Pois 19%        N/A       19%         3
 Stone Arrow              Conj/Erth      30%        3d8       30%         3
 Olgreb's Toxic Radiance  Pois           19%        N/A       54%         4
 Dazzling Flash           Conj/Hex       6%         N/A       71%         3
 Gell's Gravitas          Tloc           3%         N/A       71%         3
 Teleport Other           Tloc           3%         N/A       71%         3
 Volatile Blastmotes      Fire/Tloc      6%         2d10      71%         3
 Metabolic Englaciation   Hex/Ice        7%         N/A       95%         5
 Airstrike                Air            1%         2d(1-17)  98%         4
 Iskenderun's Mystic Bla  Conj/Tloc      3%         2d3       98%         4
 Summon Lightning Spire   Summ/Air       3%         N/A       98%         4
 Freezing Cloud           Conj/Ice/Air   5%         6-21      99%         5
 Fireball                 Conj/Fire      1%         3d3       100%        5
 Iskenderun's Battlesphe  Conj           3%         2d6       100%        5
 Conjure Ball Lightning   Conj/Air       1%         3x3d6     100%        6
 Dispersal                Tloc           1%         N/A       100%        6
 Starburst                Conj/Fire      1%         6d3       100%        6
 Orb of Destruction       Conj           1%         9d5       100%        7


Dungeon Overview and Level Annotations

Branches:
Dungeon (12/15)            Temple (1/1) D:4            Lair (5/5) D:10
  Swamp (0/4) Lair:2       Spider (0/4) Lair:3        Slime (0/5) Lair:5
    Orc (2/2) D:10        Ossuary (visited)          Bailey (visited)
    Elf: Orc:2

Altars:
Ashenzari
Cheibriados
Dithmenos
Elyvilon
Fedhas
Gozag
Hepliaklqana
Kikubaaqudgha
Makhleb
Nemelex Xobeh
Okawaru
Qazlal
Ru
Sif Muna
Trog
Uskayaw
Vehumet
Wu Jian
Xom
Yredelemnul
Zin
The Shining One
Jiyva

Shops:
D:2 =   D:6 [   D:7 =


Innate Abilities, Weirdness & Mutations

You have temporarily grown beastly horns and talons.
You are too large for most types of armour.
You have claws for hands.
Your natural rate of healing is unusually fast.
You are covered in fur. (AC +1)
You have tough skin. (AC +1)


Message History

The orc knight roars a battlecry!
The orc knight goes into a battle-frenzy!
The orc wizard hits you with a +0 dagger.
The orc sorcerer hits you with a +0 dagger.
The orc warrior hits you from afar with a +0 halberd!!
The orc warrior hits you with a +0 broad axe!
You hear a shout! x2
The orc warrior attacks as you move away!
The orc warrior hits you with a +0 broad axe!
* * * LOW HITPOINT WARNING * * *
The orc wizard attacks as you move away!
The orc wizard hits you but does no damage.
You feel less confused.
The orc sorcerer points at you and mumbles some strange words.
You resist with some effort.
The orc wizard mumbles some strange words.
The orc wizard flickers and vanishes!
Deactivating autopickup; reactivate with Ctrl-A.
You hear a shout!
Things that are here:
a +0 dagger; a +0 robe; an orc corpse The orc sorcerer attacks as you move away!
You block the orc sorcerer's attack.
The orc knight roars a battlecry!
You see here a +0 dagger.
You spin and attack the orc warrior.
You scratch the orc warrior.
The orc warrior is lightly wounded.
You spin and attack the orc wizard.
You claw the orc wizard!
The orc wizard is heavily wounded.
The orc wizard barely misses you. The orc warrior closely misses you.
The orc warrior hits you with a +0 broad axe!
* * * LOW HITPOINT WARNING * * *
There is a stone staircase leading up, spattered with blood here.
The orc wizard misses you.
The orc sorcerer hits you with a +0 dagger.
* * * LOW HITPOINT WARNING * * *
The orc warrior hits you from afar with a +0 halberd!!
* * * LOW HITPOINT WARNING * * *
The orc warrior hits you with a +0 broad axe!!
You die...

.....#.#.......
........#........
.................
..........#...$..
.................
.................
........o........
........o@.......
......))oo..#....
.......o)....# .
....oo......##
............#
..o.#..####...
....### ..... ..o
..... .. .....


You could see 2 orc knights, an orc sorcerer (strong), 2 orc warriors and 3 orc
wizards.

Vanquished Creatures
  An orc warlord (Bailey)
  3 hydras
  5 boulder beetles
  3 centaur warriors (D:11)
  6 two-headed ogres
  5 death yaks (Lair:4)
  The ghost of AlmostDecent the Frost Mage, a novice GnIE (D:9)
  A skeletal warrior (D:11)
  Amaemon (D:9)
  A goliath frog (Lair:5)
  4 skysharks
  Pikel (D:4)
  2 orc knights
  A lindwurm (Lair:4)
  5 cyclopes
  The ghost of Aelou the Chucker, a novice GnWn of Vehumet (D:8)
  An ugly thing (D:11)
  2 manticores
  An orange demon (D:9)
  5 black mambas
  18 elephants
  23 cane toads
  A torpor snail (Lair:3)
  7 rime drakes
  A kobold demonologist (D:9)
  3 komodo dragons
  3 polar bears
  3 tyrant leeches
  2 hornets
  Grinder (D:5)
  3 trolls
  20 blink frogs
  8 slime creatures (D:12)
  2 jumping spiders (Lair:3)
  4 culicivoras (Lair:3)
  6 wyverns
  A vampire (D:11)
  4 wraiths (D:11)
  Sigmund (D:2)
  43 yaks
  2 basilisks
  2 redbacks (Lair:3)
  7 vampire mosquitoes
  Edmund (D:6)
  2 steam dragons
  Menkaure (D:5)
  2 wargs (Orc:1)
  2 swamp worms (Lair:2)
  An acid dragon (D:12)
  Duvessa (D:6)
  14 water moccasins
  9 orc warriors
  5 black bears
  4 sky beasts
  3 ogres
  4 wolves (Lair:2)
  10 centaurs
  12 kobold brigands
  An elf zombie (Ossuary)
  21 bullfrogs
  2 gnoll sergeants
  3 scorpions
  4 wights (D:6)
  Dowan (D:6)
  19 killer bees
  5 howler monkeys
  3 electric eels
  2 human zombies (Ossuary)
  4 hounds
  6 orc priests
  3 jellies
  Crazy Yiuf (D:5)
  A gnoll bouda (D:7)
  2 sleepcaps
  Terence (D:2)
  6 iguanas
  16 orc wizards
  4 hell rats (Lair:5)
  Natasha (thrice) (D:2)
  3 mummies (Ossuary)
  7 gnolls
  5 adders
  A shadow imp (D:7)
  5 white imps
  2 ufetubi
  An adder zombie (Ossuary)
  A worm (D:2)
  A dart slug (D:1)
  47 orcs
  7 ball pythons
  5 bats
  12 endoplasms
  2 giant cockroaches
  15 goblins
  14 hobgoblins
  27 kobolds
  4 quokkas
  7 frilled lizards
  4 goblin zombies (Ossuary)
  5 hobgoblin zombies (Ossuary)
  2 kobold zombies (Ossuary)
  3 quokka zombies (Ossuary)
  5 rats (D:1)
579 creatures vanquished.

Notes
Turn   | Place    | Note
-------+----------+-------------------------------------------
     0 | D:1      | cheesebisquit the Troll Transmuter began the quest for the
                  | Orb.
     0 | D:1      | Reached XP level 1. HP: 18/18 MP: 1/1
    36 | D:1      | Reached skill level 1 in Fighting
    88 | D:1      | Found a faded altar of an unknown god.
    91 | D:1      | Reached XP level 2. HP: 28/28 MP: 2/2
   466 | D:1      | Reached XP level 3. HP: 35/36 MP: 0/3
  1028 | D:1      | Learned a level 2 spell: Wereblood
  1168 | D:2      | Found Toetur's Jewellery Emporium.
  1197 | D:2      | Noticed Sigmund
  1239 | D:2      | Noticed Natasha
  1250 | D:2      | Killed Natasha
  1251 | D:2      | Reached XP level 4. HP: 45/45 MP: 2/4
  1333 | D:2      | Noticed Natasha
  1338 | D:2      | Killed Natasha
  1414 | D:2      | Noticed Terence
  1425 | D:2      | Killed Terence
  1426 | D:2      | Reached XP level 5. HP: 47/53 MP: 3/5
  1666 | D:3      | Learned a level 3 spell: Spider Form
  2146 | D:4      | Found a sand-covered staircase.
  2174 | Ossuary  | Entered an ossuary
  2351 | Ossuary  | Reached skill level 1 in Poison Magic
  2351 | Ossuary  | Reached XP level 6. HP: 61/61 MP: 6/6
  2695 | D:4      | Noticed Pikel
  2720 | D:4      | Killed Pikel
  2721 | D:4      | Reached skill level 1 in Stealth
  2721 | D:4      | Reached XP level 7. HP: 58/67 MP: 4/7
  2793 | D:4      | Found a staircase to the Ecumenical Temple.
  2811 | Temple   | Entered the Ecumenical Temple
  3270 | D:5      | Entered Level 5 of the Dungeon
  3352 | D:5      | Found a shimmering blue altar of Sif Muna.
  3353 | D:5      | Found an opulent altar of Gozag.
  3598 | D:5      | Reached XP level 8. HP: 75/75 MP: 6/8
  3654 | D:5      | Noticed Menkaure
  3667 | D:5      | Killed Menkaure
  3724 | D:5      | Noticed Grinder
  3726 | D:5      | Paralysed by Grinder for 4 turns
  3751 | D:5      | Killed Grinder
  4352 | D:5      | Found a runed translucent door.
  4353 | D:5      | Noticed Crazy Yiuf
  4364 | D:5      | Killed Crazy Yiuf
  4440 | D:6      | Learned a level 4 spell: Ice Form
  4468 | D:6      | Noticed Dowan
  4469 | D:6      | Noticed Duvessa
  4491 | D:6      | Killed Duvessa
  4499 | D:6      | Killed Dowan
  5062 | D:6      | Reached XP level 9. HP: 81/81 MP: 11/13
  5351 | D:6      | Reached skill level 1 in Ice Magic
  5587 | D:6      | Found an iron altar of Okawaru.
  5701 | D:6      | Found Vatukh's Antique Armour Emporium.
  5706 | D:6      | Bought an embroidered cloak for 217 gold pieces
  5706 | D:6      | Bought a glowing robe for 107 gold pieces
  5831 | D:6      | Noticed Edmund
  5852 | D:6      | Killed Edmund
  5885 | D:6      | Found a sparkling altar of Nemelex Xobeh.
  6064 | D:7      | Found Duid's Jewellery Shop.
  6131 | D:7      | Found a flagged portal.
  6146 | Bailey   | Entered a bailey
  6151 | Bailey   | Noticed an orc warlord
  6241 | Bailey   | Reached skill level 4 in Unarmed Combat
  6283 | Bailey   | Found a runed translucent gate.
  6283 | Bailey   | Found a runed translucent gate.
  6283 | Bailey   | Found a runed translucent gate.
  6434 | Bailey   | Acquired 573 gold pieces
  6456 | Bailey   | Killed an orc warlord
  6457 | Bailey   | Reached skill level 5 in Unarmed Combat
  6502 | Bailey   | Acquired a ring of poison resistance
  6629 | D:7      | Identified the +1 short sword of Koydaluh {drain, Drain
                  | rElec rF+ rCorr}
  6899 | D:7      | Reached XP level 10. HP: 86/91 MP: 12/15
  6902 | D:7      | Noticed a cyclops
  6918 | D:7      | Killed a cyclops
  7281 | D:8      | Found a runed translucent door.
  7281 | D:8      | Noticed Aelou's ghost (novice GnWn)
  7311 | D:8      | Noticed a two-headed ogre
  7323 | D:8      | Killed a two-headed ogre
  7324 | D:8      | Reached skill level 5 in Fighting
  7397 | D:8      | Reached skill level 6 in Unarmed Combat
  7563 | D:8      | Reached skill level 7 in Unarmed Combat
  7730 | D:8      | Found a glowing golden altar of the Shining One.
  7873 | D:8      | Noticed a two-headed ogre
  7881 | D:8      | Killed a two-headed ogre
  7882 | D:8      | Reached skill level 5 in Throwing
  8299 | D:9      | Reached XP level 11. HP: 102/102 MP: 12/16
  8344 | D:9      | Paralysed by a hornet for 3 turns
  8494 | D:9      | Found a runed translucent gate.
  8494 | D:9      | Found a runed translucent gate.
  8494 | D:9      | Noticed AlmostDecent's ghost (novice GnIE)
  8495 | D:9      | Found a runed translucent gate.
  8618 | D:9      | Noticed Amaemon
  8620 | D:9      | Reached skill level 8 in Unarmed Combat
  8899 | D:9      | Reached skill level 9 in Unarmed Combat
  8949 | D:9      | Killed Amaemon
  9326 | D:10     | Entered Level 10 of the Dungeon
  9326 | D:10     | Found a staircase to the Orcish Mines.
  9401 | D:10     | Noticed a two-headed ogre
  9413 | D:10     | Killed a two-headed ogre
  9414 | D:10     | Reached skill level 5 in Transmutations
  9471 | D:10     | Learned a level 1 spell: Sting
  9526 | D:10     | Noticed a two-headed ogre
  9539 | D:10     | Killed a two-headed ogre
  9844 | D:10     | Identified the +3 sling of the Realm of Zot {heavy, rPois
                  | Dex+3}
  9852 | D:10     | Found a staircase to the Lair.
 10184 | D:10     | Found an ornate altar of the Wu Jian Council.
 10207 | D:10     | Became a worshipper of the Wu Jian Council
 10733 | D:11     | Noticed a skeletal warrior
 10739 | D:11     | Reached skill level 5 in Dodging
 10744 | D:11     | Killed a skeletal warrior
 10751 | D:11     | Reached XP level 12. HP: 70/111 MP: 17/17
 10894 | D:11     | Noticed a centaur warrior
 10905 | D:11     | Noticed a boulder beetle
 10909 | D:11     | Killed a centaur warrior
 10925 | D:11     | Reached * piety under Wu Jian
 10938 | D:11     | Noticed a centaur warrior
 10946 | D:11     | Killed a centaur warrior
 10954 | D:11     | Noticed a centaur warrior
 10957 | D:11     | Noticed a boulder beetle
 11038 | D:11     | Paralysed by a hornet for 3 turns
 11041 | D:11     | HP: 2/107 [centaur warrior/arrow (7)]
 11047 | D:10     | Paralysed by a hornet for 3 turns
 11103 | D:11     | Noticed a two-headed ogre
 11117 | D:11     | Killed a two-headed ogre
 11187 | D:11     | Killed a centaur warrior
 11307 | D:11     | Killed a boulder beetle
 12378 | D:12     | Noticed a two-headed ogre
 12393 | D:12     | Killed a two-headed ogre
 12755 | D:12     | Reached skill level 5 in Ice Magic
 12788 | D:12     | Noticed a boulder beetle
 12800 | D:12     | Killed a boulder beetle
 13484 | D:11     | Killed a boulder beetle
 13485 | D:11     | Reached XP level 13. HP: 73/124 MP: 14/18
 14593 | D:2      | Killed Sigmund
 14595 | D:2      | Noticed Natasha
 14603 | D:2      | Killed Natasha
 14779 | D:8      | Found a runed translucent door.
 15079 | D:8      | Found a glowing golden altar of the Shining One.
 15346 | D:8      | Killed Aelou's ghost
 15486 | D:9      | Killed AlmostDecent's ghost
 15748 | D:2      | Bought a ring of see invisible for 180 gold pieces
 15912 | D:10     | Learned a level 2 spell: Passwall
 15913 | Lair:1   | Entered Level 1 of the Lair of Beasts
 15948 | Lair:1   | Reached ** piety under Wu Jian
 15949 | Lair:1   | Reached skill level 1 in Earth Magic
 16152 | D:10     | Found an ornate altar of the Wu Jian Council.
 16376 | D:10     | Found a staircase to the Orcish Mines.
 17837 | Lair:2   | Found a staircase to the Swamp.
 18009 | Lair:2   | Learned a level 6 spell: Statue Form
 18221 | Lair:2   | Reached skill level 10 in Unarmed Combat
 18651 | Lair:3   | Reached *** piety under Wu Jian
 18655 | Lair:3   | Found a burning altar of Makhleb.
 18837 | Lair:3   | Found a hole to the Spider Nest.
 18990 | Lair:3   | Reached XP level 14. HP: 135/135 MP: 16/19
 19700 | Lair:4   | Reached **** piety under Wu Jian
 19721 | Lair:4   | Reached skill level 1 in Shields
 19945 | Lair:4   | Reached skill level 11 in Unarmed Combat
 21149 | D:7      | Bought a ring of flight for 210 gold pieces
 22064 | Lair:5   | Entered Level 5 of the Lair of Beasts
 22522 | Lair:5   | Reached skill level 5 in Earth Magic
 22543 | Lair:5   | Reached ***** piety under Wu Jian
 22716 | Lair:5   | Reached skill level 5 in Shields
 23032 | Lair:5   | Found a runed translucent door.
 23034 | Lair:5   | Found a viscous altar of Jiyva.
 23036 | Lair:5   | Found a staircase to the Slime Pits.
 23477 | Lair:5   | Identified the staff of air "Ehuacaq" {rElec Will+ Str+3
                  | Dex+3}
 24148 | Lair:5   | Found a runed translucent door.
 24148 | Lair:5   | Found a viscous altar of Jiyva.
 24150 | Lair:5   | Found a staircase to the Slime Pits.
 24544 | Orc:1    | Entered Level 1 of the Orcish Mines
 24771 | Orc:2    | Entered Level 2 of the Orcish Mines
 24789 | Orc:2    | HP: 1/136 [orc warrior/+0 halberd (25)]
 24789 | Orc:2    | Annihilated by an orc warrior

Illustrated notes

Levels and vault maps discovered:
D:1:      erik_arrival_triangle_large, layout_basic,
          shapermc_ecumenical_altar_starsandcircs
D:2:      layout_rooms, serial_shops, shop, minmay_misc_feat_iff,
          minmay_lizard_king, uniq_natasha, uniq_terence, uniq_sigmund
D:3:      layout_basic
D:4:      layout_loops_cross, minmay_temple_entry_offerings, enter_ossuary_3,
          uniq_pikel
D:5:      minmay_skewed_foursquare, layout_cave_pools,
          gammafunk_temple_overflow_statue, kb_lookout_dungeons_type,
          uniq_grinder, uniq_menkaure, uniq_crazy_yiuf_cottage
D:6:      layout_loops_corners, okawaru_altar_gauntlet_db,
          nemelex_dance_club_becter, serial_shops,
          nicolae_shop_pleasant_corner_grove, corexii_corridor_pit,
          kennysheep_doodads, minivault_10, hangedman_decor_growths,
          uniq_duvessa, uniq_edmund
D:7:      kennysheep_windowed_halls, layout_rooms, enter_bailey_4, serial_shops,
          shop, st_stairs_7
D:8:      layout_basic, general_overflow_altar, gammafunk_ghost_grave,
          hangedman_abyss_or_decor_lesser_grid, kennysheep_generic_room_8
D:9:      layout_loops_ring, gammafunk_ghost_nasty_kobolds, uniq_amaemon
D:10:     layout_cave_pods, nicolae_wu_jian_glorious_leap,
          due_lair_maze_entry_diamond, orc_0_dummy, kennysheep_generic_room_2
D:11:     hangedman_cross_cluster, layout_basic
D:12:     layout_stronghold
Temple:   regret_index_temple_sphere_string
Lair:1:   layout_long_grid, beast_lair_carwin_7, serial_bayou_shore_b
Lair:2:   layout_big_grid, minmay_swamp_entry_worms
Lair:3:   layout_long_grid, nicolae_spider_entry_tight_spaces, basic_altar,
          infiniplex_staircase_pool
Lair:4:   layout_small_grid, chequers_serial_rivers_small_a, serial_bayou_pond_a
Lair:5:   minmay_lair_end_frog_pond, layout_small_grid, slime_entry_2,
          infiniplex_staircase_pool_2
Orc:1:    layout_caves, basic_altar, hellmonk_bongcloud_opening
Orc:2:    grunt_orc_cross, layout_caves

Skill      XL: |  1  2  3  4  5  6  7  8  9 10 11 12 13 14 |
---------------+-------------------------------------------+-----
Fighting       | 1 2 3 5 7 8 |  8.2
Dodging        | 2 3 4 5 6 7 |  7.0
Poison Magic   | 1 2 4 |  4.0
Throwing       | 2 4 6 |  6.0
Armour         | 2 4 |  4.6
Evocations     | 2 |  2.0
Stealth        | 1 2 4 |  4.0
Transmutations | 2 4 6 7 8 |  8.6
Spellcasting   | 3 4 |  4.0
Ice Magic      | 2 4 5 6 |  6.1
Unarmed Combat | 5 7 9 10 11 | 11.4
Earth Magic    | 3 6 |  6.0
Shields        | 5 |  5.7

Action                     |  1- 3 |  4- 6 |  7- 9 | 10-12 | 13-15 || total
---------------------------+-------+-------+-------+-------+-------++-------
  Melee: Unarmed           |    77 |   137 |   330 |   653 |   852 ||  2049
         Headbutt          |     8 |    14 |    62 |   109 |   172 ||   365
         Kick              |     9 |    28 |    95 |   180 |   265 ||   577
         Punch             |     1 |     2 |     5 |    21 |    23 ||    52
  Throw: Boomerang         |       |       |    46 |    72 |   125 ||   243
         Dart              |       |       |     2 |       |       ||     2
         Large rock        |       |       |       |       |    12 ||    12
   Cast: Beastly Appendage |    23 |    27 |    50 |    59 |    60 ||   219
         Wereblood         |       |       |     7 |    46 |    57 ||   110
         Sting             |       |       |       |     4 |     3 ||     7
         Spider Form       |       |       |       |    11 |     1 ||    12
         Ice Form          |       |       |       |       |    11 ||    11
Ability: Lunge             |       |       |       |     8 |    33 ||    41
         Whirlwind         |       |       |       |     3 |    23 ||    26
         Wall Jump         |       |       |       |       |     1 ||     1
  Evoke: Wand              |       |       |     2 |       |       ||     2
    Use: Scroll            |       |     7 |     8 |    23 |    10 ||    48
         Potion            |       |     3 |     1 |    10 |     6 ||    20
   Stab: Sleeping          |     1 |       |     2 |     2 |     3 ||     8
         Invisible         |       |       |       |       |     2 ||     2
 Armour: Robe              |    28 |    25 |    71 |    73 |       ||   197
         Troll leather arm |       |       |       |    81 |   276 ||   357
         Steam dragon scal |       |       |       |    14 |       ||    14
         Skin              |       |       |       |     3 |    31 ||    34
  Dodge: Dodged            |    32 |    52 |   199 |   618 |   464 ||  1365
  Block: Kite shield       |       |       |       |       |   144 ||   144
